Map: Echo LE (Void)

Players

DayJ

  • Race: Terran Terran

Bop - Winner!

  • Race: Zerg Zerg

VOD

Have the link to the VOD?

Description

Time

  • Played on: May 2, 2015, 3:27 a.m.
  • Length: 14:49
Show
View Real Time Build Order
Export as new Build Order

DayJ Terran 

Build Orders: Command Center First (CC), Bio Tank 

Get SALT Encoding   

  12  0:01  SCV  
  13  0:13  SCV  
  14  0:18  Supply Depot  
  14  0:25  SCV  
  15  0:39  SCV  
  16  0:51  SCV  
  17  1:01  Command Center  
  17  1:05  SCV  
  18  1:14  Barracks  
  18  1:17  SCV  
  19  1:31  Barracks  
  19  1:37  SCV  
  20  1:49  SCV  
  20  1:51  Refinery  
  21  1:55  Refinery  
  21  2:02  Marine  
  21  2:03  Orbital Command  
  21  2:07  Bunker  
  22  2:20  Marine  
  22  2:21  Orbital Command  
  23  2:30  Barracks Tech Lab  
  23  2:33  SCV  
  23  2:38  Marine  
  24  2:45  SCV  
  24  2:48  Supply Depot  
  25  2:51  SCV  
  25  2:57  SCV  
  27  3:02  Barracks Reactor  
  27  3:03  SCV  
  27  3:05  Marine  
  29  3:07  Supply Depot  
  29  3:09  SCV  
  29  3:11  Stimpack  
  30  3:15  SCV  
  31  3:22  SCV  
  32  3:29  Factory  
  32  3:31  Factory  
  32  3:33  Marine  
  34  3:34  SCV  
  34  3:35  SCV  
  34  3:39  Marine x2  
  37  3:46  SCV  
  37  3:47  SCV  
  39  3:56  Engineering Bay  
  39  3:58  SCV  
  39  4:00  Marine x3  
  44  4:02  SCV, Engineering Bay  
  44  4:07  Refinery  
  44  4:10  SCV  
  44  4:11  Refinery  
  44  4:15  SCV  
  46  4:17  Factory Tech Lab  
  46  4:18  Marine  
  46  4:19  Starport, Factory Reactor  
  46  4:22  SCV  
  48  4:25  Marine  
  48  4:26  Marine  
  48  4:27  SCV  
  51  4:34  SCV  
  52  4:39  SCV  
  52  4:40  Terran Infantry Weapons Level 1  
  52  4:41  Terran Infantry Armor Level 1  
  52  4:43  Supply Depot  
  53  4:45  Supply Depot  
  53  4:46  SCV  
  54  4:54  Barracks  
  54  4:57  Barracks  
  54  5:03  Barracks, Starport Reactor  
  54  5:04  SCV  
  55  5:09  Widow Mine x2  
  55  5:10  Widow Mine  
  55  5:12  Combat Shields  
  62  5:14  SCV  
  62  5:16  SCV  
  63  5:26  SCV  
  64  5:29  Supply Depot  
  64  5:30  Supply Depot, Marine x3  
  64  5:31  Supply Depot  
  68  5:38  SCV, Missile Turret  
  68  5:40  Supply Depot  
  68  5:43  Missile Turret  
  68  5:51  Barracks Reactor, Barracks Tech Lab  
  68  5:52  Medivac  
  68  5:53  Medivac  
  68  5:57  Widow Mine x2  
  72  5:59  Widow Mine  
  72  6:00  SCV  
  79  6:05  Supply Depot  
  79  6:12  Barracks Reactor  
  79  6:14  Concussive Shells  
  79  6:15  Marine  
  79  6:16  Marine x3  
  83  6:33  Marine x3  
  83  6:34  Marine  
  87  6:47  Medivac x2  
  87  6:49  Missile Turret, Widow Mine x3  
  87  6:50  Missile Turret x2, Marine x2  
  87  6:51  Marine x6  
  105  6:58  Missile Turret  
  105  7:08  Marine  
  105  7:11  Missile Turret  
  105  7:12  Marine x4  
  110  7:47  Marine  
  110  7:48  Marine x6  
  105  8:06  Marauder  
  105  8:07  Marauder  
  105  8:12  Barracks  
  109  8:14  Factory Tech Lab, Starport  
  109  8:16  Marine  
  110  8:27  Supply Depot  
  110  8:28  Supply Depot x2  
  110  8:30  Supply Depot  
  110  8:31  Armory  
  110  8:49  Marauder x2, Medivac x2, Siege Tank, Marine x5  
  110  8:50  Siege Tank  
  110  8:53  Supply Depot  
  129  8:55  Starport Tech Lab  
  129  9:11  Marauder x2  
  133  9:19  Raven  
  133  9:21  Siege Tank, Missile Turret x2  
  133  9:22  Supply Depot, Siege Tank  
  141  9:30  Marine x5  
  141  9:31  Marine  
  147  9:32  Marauder  
  149  9:39  SCV  
  149  9:43  SCV, Marauder  
  153  9:48  Marine  
  153  9:50  Command Center  
  144  9:54  Siege Tank x2  
  144  9:55  SCV  
  151  10:04  Factory  
  142  10:15  Marine x2  
  142  10:25  Marine  
  142  10:26  Siege Tank x2, Marauder x2  
  142  10:28  SCV  
  154  10:29  SCV  
  155  10:40  SCV  
  155  10:41  SCV, Missile Turret  
  157  10:52  SCV  
  158  11:00  Terran Infantry Weapons Level 2  
  158  11:01  SCV, Siege Tank, Terran Infantry Armor Level 2  
  152  11:16  Orbital Command  
  152  11:19  SCV  
  152  11:20  SCV  
  152  11:21  Factory Tech Lab, Refinery x2  
  154  11:26  Raven  
  154  11:31  SCV, Terran Vehicle and Ship Weapons Level 1  
  154  11:32  SCV  
  158  11:43  SCV  
  158  11:44  SCV  
  160  11:47  Barracks  
  160  11:51  Barracks x2  
  160  12:02  SCV x2  
  160  12:03  SCV  
  160  12:04  Missile Turret  
  161  12:12  Marauder, Marine x2  
  161  12:13  Marine x2, Marauder  
  161  12:14  SCV  
  170  12:16  SCV x2  
  172  12:24  Starport  
  172  12:26  SCV, Starport  
  172  12:28  Starport  
  173  12:32  SCV  
  173  12:44  Marauder  
  173  12:53  Barracks Tech Lab  
  173  12:54  Barracks Reactor  
  173  12:57  Supply Depot  
  173  12:59  Supply Depot, Barracks Reactor  
  173  13:00  Supply Depot  
  173  13:18  SCV  
  173  13:19  Marauder x2  
  178  13:32  Starport Tech Lab  
  176  13:34  Starport Tech Lab  
  108  14:03  Siege Tank x3  
  108  14:04  Raven  
  108  14:05  Raven x2  
  121  14:10  Marine x5  
  121  14:11  Marine x6  
  121  14:14  Starport Tech Lab  
  132  14:17  Command Center  
Show
View Real Time Build Order
Export as new Build Order

Bop Zerg - Winner!

Build Orders: Hatch First, Lurkers, Muta Ling Bane 

Get SALT Encoding   

  12  0:00  Drone  
  13  0:14  Overlord  
  13  0:19  Drone  
  14  0:33  Drone x2  
  16  0:36  Drone  
  17  0:52  Hatchery  
  17  0:56  Drone  
  17  0:58  Drone  
  17  1:03  Extractor  
  17  1:14  Spawning Pool  
  17  1:16  Drone  
  17  1:22  Drone  
  18  1:32  Drone  
  19  1:41  Drone  
  20  1:59  Drone  
  21  2:03  Queen  
  21  2:04  Metabolic Boost, Queen  
  21  2:05  Zergling x2  
  21  2:06  Zergling x2  
  27  2:17  Overlord  
  27  2:21  Drone  
  28  2:38  Drone x2  
  28  2:39  Queen  
  28  2:40  Queen  
  34  2:46  Drone x2  
  34  2:47  Overlord  
  36  3:06  Drone x3  
  36  3:10  Drone x2  
  41  3:12  Extractor  
  41  3:14  Drone x4, Extractor  
  41  3:15  Drone  
  44  3:22  Overlord  
  44  3:23  Lair  
  44  3:40  Queen  
  46  3:43  Drone x5  
  51  3:50  Overlord x2  
  51  3:54  Baneling Nest  
  50  3:56  Drone  
  50  3:58  Drone  
  52  4:12  Drone  
  52  4:13  Drone x4  
  52  4:17  Extractor  
  56  4:25  Spire  
  56  4:28  Drone  
  56  4:36  Hatchery  
  55  4:41  Drone x3  
  55  4:44  Drone  
  55  4:45  Zergling x2  
  60  4:47  Overlord x2  
  60  4:51  Overseer  
  60  5:09  Drone x2  
  60  5:11  Hydralisk Den  
  61  5:25  Overlord  
  61  5:26  Drone x3  
  61  5:27  Drone, Lurker Den  
  65  5:30  Extractor  
  64  5:36  Mutalisk x6  
  64  5:39  Overlord  
  64  5:40  Extractor  
  75  5:46  Mutalisk  
  75  5:49  Drone x2  
  80  5:50  Drone x3  
  80  5:51  Drone, Queen  
  85  6:02  Drone x7  
  92  6:04  Centrifical Hooks  
  92  6:10  Evolution Chamber  
  91  6:13  Mutalisk  
  91  6:16  Drone x2  
  95  6:20  Zerg Flyer Weapons Level 1  
  95  6:21  Overlord  
  95  6:26  Zergling x6  
  95  6:32  Overlord  
  97  6:34  Overlord x2  
  97  6:36  Baneling x2  
  95  6:41  Zergling x12  
  95  6:42  Overseer  
  95  6:45  Baneling  
  95  6:46  Baneling x5  
  101  6:48  Overlord  
  101  6:52  Zerg Melee Weapons Level 1  
  101  6:55  Drone  
  101  6:58  Zergling x6  
  105  7:07  Hydralisk  
  105  7:08  Hydralisk x6  
  119  7:21  Hydralisk x6  
  131  7:36  Lurker  
  129  7:37  Lurker, Zergling x2  
  129  7:38  Zergling x14  
  137  7:46  Hatchery  
  135  7:56  Zergling x2  
  135  7:57  Zergling x22  
  138  8:05  Overlord x2  
  138  8:06  Overlord  
  138  8:16  Burrow  
  138  8:20  Overlord x2  
  138  8:26  Lurker x6  
  144  8:27  Lurker  
  144  8:28  Drone x5  
  149  8:35  Infestation Pit  
  149  8:40  Drone x14  
  162  8:43  Extractor  
  162  8:48  Extractor  
  160  8:54  Overlord x2  
  160  8:55  Zergling x2  
  160  8:56  Zergling x2  
  149  9:06  Zergling x2  
  149  9:07  Zergling x6  
  153  9:13  Queen  
  155  9:27  Overseer  
  155  9:28  Mutalisk, Overseer  
  155  9:29  Mutalisk x8  
  173  9:35  Hive  
  173  9:41  Overlord x2  
  173  9:45  Hatchery  
  172  9:50  Zergling x2  
  172  9:51  Zergling x22  
  184  9:53  Zerg Melee Weapons Level 2  
  184  9:56  Evolution Chamber  
  184  9:58  Overlord  
  176  10:13  Zergling x4  
  176  10:14  Zergling x16  
  182  10:16  Zerg Flyer Weapons Level 2  
  182  10:26  Lurker x3  
  185  10:32  Zergling x4  
  185  10:33  Zergling x24  
  199  10:38  Zerg Ground Armor Level 1  
  199  10:42  Pneumatized Carapace  
  199  10:50  Hatchery  
  199  10:52  Queen  
  196  11:06  Adrenal Glands  
  196  11:08  Mutalisk x3  
  196  11:09  Mutalisk, Ultralisk Cavern  
  198  11:26  Zergling x4  
  199  11:41  Extractor  
  199  11:42  Extractor  
  187  12:12  Ultralisk  
  187  12:13  Ultralisk  
  187  12:15  Chitinous Plating  
  193  13:27  Spore Crawler  
  193  13:28  Spore Crawler  
  193  13:29  Spore Crawler  
  193  13:33  Spine Crawler  
  174  13:34  Ultralisk  
  174  13:35  Ultralisk x3  
  174  13:36  Spine Crawler  
  174  13:40  Ultralisk x6  
  195  13:42  Zergling x2  
  195  13:43  Zergling x14  
  184  13:51  Mutalisk x6  
  178  14:04  Zergling x26  
  178  14:05  Zergling x6  
  194  14:11  Zergling x8  
  194  14:12  Zergling x2  
Tags
 
Add a new tag
Caveats
  • Supply blocks, unpowered buildings, or Contaminate may cause inaccurate times.
  • Supply counts are checked every 10 seconds.